 Dungeon Crawl Stone Soup version 0.29-a0-824-gd827844252 (webtiles) character file.

Game seed: 5336355701891042911

139 coolguy69 the Sneak (level 5, -1/28 HPs)
             Began as a Vine Stalker Monk on July 10, 2022.
             Slain by a gnoll
             ... wielding a +0 flail
              (6 damage)
             ... on level 3 of the Dungeon.
             The game lasted 00:02:08 (2683 turns).

coolguy69 the Sneak (Vine Stalker Monk)             Turns: 2683, Time: 00:02:09

Health: -1/28      AC:  3    Str: 15    XL:     5   Next: 22%
Magic:  0/6        EV: 13    Int: 10    God:
Gold:   87         SH:  0    Dex: 17    Spells: 4/4 levels left

rFire   . . .      SeeInvis .   o - +3 dagger
rCold   . . .      Faith    .   (no shield)
rNeg    . . .      Spirit   +   k - +0 leather armour
rPois   .          Reflect  .   (no helmet)
rElec   .          Harm     .   (no cloak)
rCorr   .          Rampage  .   (no gloves)
Will    .....                   (no boots)
Stlth   +++.......              v - amulet of regeneration
HPRegen 1.69/turn               (no ring)
MPRegen 0.10/turn               (no ring)

@: no status effects
A: fangs 2, regeneration 1, magic shield, antimagic bite, no potion heal 2
a: no special abilities


You were on level 3 of the Dungeon.
You visited 1 branch of the dungeon, and saw 4 of its levels.

You collected 87 gold pieces.

Inventory:

Hand Weapons
 a - a +0 short sword
 o - a +3 dagger (weapon)
Armour
 k - a +0 leather armour (worn)
Jewellery
 q - a ring of wizardry
 v - an amulet of regeneration (around neck)
 x - a ring of fire
Wands
 t - a wand of flame (11)
Scrolls
 d - a scroll of amnesia {unknown}
 g - a scroll of immolation {unknown}
 h - 3 scrolls of identify {unknown}
 i - a scroll of blinking {unknown}
 l - a scroll of torment {unknown}
 m - 4 scrolls of teleportation {unknown}
 n - 2 scrolls of fear {unknown}
 r - a scroll of poison {unknown}
 u - a scroll of summoning {unknown}
Potions
 b - a potion of haste {unknown}
 c - 2 potions of ambrosia
 e - a potion of lignification {unknown}
 f - 2 potions of curing {unknown}
 j - 4 potions of attraction {unknown}
 p - a potion of degeneration {unknown}
 s - a potion of flight {unknown}
 w - a potion of mutation {unknown}


   Skills:
 + Level 3.2 Fighting
 + Level 3.4 Short Blades
 + Level 0.6 Armour
 + Level 3.0 Dodging
 + Level 4.4 Stealth


You had 4 spell levels left.
You didn't know any spells.
Your spell library contained the following spells:

 Spells                   Type           Power      Damage    Failure   Level
 Beastly Appendage        Tmut           0%         N/A       43%         1
 Scorch                   Fire           0%         2d5       56%         2
 Wereblood                Tmut           0%         N/A       56%         2
 Gell's Gravitas          Tloc           0%         N/A       80%         3
 Spider Form              Tmut/Pois      0%         N/A       80%         3
 Teleport Other           Tloc           0%         N/A       80%         3
 Flame Wave               Conj/Fire      0%         2d4       99%         4
 Dispersal                Tloc           0%         N/A       100%        6
 Summon Cactus Giant      Summ           0%         N/A       100%        6
 Borgnjor's Revivificati  Necr           0%         N/A       100%        8
 Necromutation            Tmut/Necr      0%         N/A       100%        8
 Death's Door             Necr           0%         N/A       100%        9


Dungeon Overview and Level Annotations

Branches:
Dungeon (4/15)
 Temple: D:4-7

Altars:

Shops:
D:1 *!(=

Portals:
Sewer: D:3


Innate Abilities, Weirdness & Mutations

You have extremely sharp teeth.
Your natural rate of healing is unusually fast.
When hurt, damage is shared between your health and your magic reserves.
Your bite disrupts and absorbs the magic of your enemies.
Potions cannot restore your health.


Message History

You finish putting on your amulet of regeneration.
The amulet throbs as it attunes itself to your uninjured body.
v - an amulet of regeneration (around neck)
(D) Dungeon
Where to? (Enter - D:3, ? - help)
There is a stone staircase leading down here.
You climb downwards.
There is a stone staircase leading up here.
There are monsters nearby!
There are monsters nearby!
The helpless gnoll fails to defend itself.
You impale the gnoll!!
You kill the gnoll!
The gnoll shouts! x2
Your Dodging skill increases to level 3!
There are monsters nearby!
The gnoll closely misses you.
The gnoll hits you from afar with a +0 spear.
You see here a +0 spear.
Unknown command.
The gnoll attacks as you move away! The gnoll hits you with a +0 flail!
The gnoll attacks as you move away! The gnoll hits you with a +0 flail.
The gnoll attacks as you move away! The gnoll closely misses you.
There is a stone staircase leading up here.
Unknown command.
The gnoll misses you. The gnoll completely misses you.
The gnoll barely misses you.
You climb upwards.
You hear the sound of rushing water.
There is an entrance to a sewer on this level.
Hurry and find it before the portal rusts away!
You hear the rapid rusting of a very distant drain.
There is a stone staircase leading down here.
You closely miss the gnoll. The gnoll hits you with a +0 flail!
The gnoll hits you but does no damage.
You hit the gnoll.
The gnoll is lightly wounded.
The gnoll hits you with a +0 flail.
* * * LOW HITPOINT WARNING * * *
The gnoll hits you with a +0 flail!
You die...

#.##############
#####.### #.# #.# #.#
##############.#### #.#
#.....##..........# #.#
#.....##.##.##.##.# #.#
#.....##.##.##.##.#
#.#####
#.....##.##....##.#
#.....#
#.....##.##.##.##.#
#####.#
###.##.#@##.##.##.# #>#
#...#gg.........#
#.########.####.#######
#.##..<.[..## #.#
#.##.####...# #.# ####
#.##.####...###.# #...
## #)##.##....[..#.#
#######.## .#
#.)...#.........#
#......^## .#
####..........###
##.#####.#.


You could see 2 gnolls.

Vanquished Creatures
  An orc wizard (D:3)
  An adder (D:2)
  2 gnolls
  A shadow imp (D:3)
  A worm (D:3)
  6 orcs (D:3)
  5 endoplasms
  4 giant cockroaches
  6 goblins
  5 hobgoblins
  2 jackals (D:3)
  4 kobolds
  3 quokkas
  10 ball pythons
  7 bats
  A frilled lizard (D:3)
  8 rats
67 creatures vanquished.

Notes
Turn   | Place    | Note
-------+----------+-------------------------------------------
     0 | D:1      | coolguy69 the Vine Stalker Monk began the quest for the
                  | Orb.
     0 | D:1      | Reached XP level 1. HP: 11/11 MP: 2/2
   368 | D:1      | Reached XP level 2. HP: 16/16 MP: 3/3
   805 | D:1      | Found Oriydeimo's Distillery.
   858 | D:1      | Found Najozi's Assorted Antiques.
  1129 | D:1      | Found Nizeruale's Antique Weapon Boutique.
  1153 | D:1      | Found Suh Neull's Jewellery Shop.
  1179 | D:1      | Reached XP level 3. HP: 18/20 MP: 2/4
  1277 | D:1      | Reached skill level 3 in Stealth
  1697 | D:2      | Gained mutation: Your natural rate of healing is unusually
                  | fast. [Vine Stalker growth]
  1697 | D:2      | Reached XP level 4. HP: 24/24 MP: 5/5
  1921 | D:3      | Found a faded altar of an unknown god.
  1957 | D:3      | Reached skill level 4 in Stealth
  2327 | D:3      | Found a glowing drain.
  2339 | D:3      | Reached XP level 5. HP: 28/28 MP: 6/6
  2683 | D:3      | Slain by a gnoll

Illustrated notes

Levels and vault maps discovered:
D:1:      dpeg_arrival_round_c, layout_basic, serial_shops,
          nicolae_shop_behind_doors, shop, nicolae_shop_window_shopping,
          nicolae_shop_stone
D:2:      layout_basic, due_unseen_surprise
D:3:      layout_loops_cross, portal_sewer_entry_b, basic_ecumenical_altar
D:4:      minmay_chambers_of_threes, layout_basic, lemuel_crystal_altar,
          minmay_temple_entry_gardened_gates, minmay_manual_mandibuliform

Skill      XL: |  1  2  3  4  5 |
---------------+----------------+-----
Fighting       | 3 |  3.2
Short Blades   | 3 |  3.4
Stealth        | 3 4 |  4.4
Dodging        | 3 |  3.0
Armour         | |  0.6

Action                   |  1- 3 |  4- 6 || total
-------------------------+-------+-------++-------
Melee: Short sword       |    67 |       ||    67
       Bite              |    19 |    21 ||    40
       Dagger            |     8 |    79 ||    87
       Punch             |       |     1 ||     1
 Stab: Sleeping          |    11 |     5 ||    16
Armor: Robe              |    12 |       ||    12
       Leather armour    |     3 |    14 ||    17
Dodge: Dodged            |    46 |    37 ||    83

Table legend: (Time is in decaauts)
 A = Elapsed time spent in this place.
 B = Non-inter-level travel time spent in this place.
 C = Inter-level travel time spent in this place.
 D = Time resting spent in this place.
 E = Time spent auto-exploring this place.
 F = Levels seen in this place.
 G = Mean time per level.
                   A        B        C        D        E       F      G
               +--------+--------+--------+--------+--------+-----+--------+
         Total |   2665 |   2634 |     31 |     23 |   2167 |   4 |  666.2 |
       Dungeon |   2665 |   2634 |     31 |     23 |   2167 |   4 |  666.2 |
               +--------+--------+--------+--------+--------+-----+--------+

Top non-repeatable levels by time:
     D:1: 1397 daAuts
     D:3: 757 daAuts
     D:2: 504 daAuts
     D:4: 6 daAuts
